 Dungeon Crawl Stone Soup version 0.19-a0-994-g3c636f0 (webtiles) character file.

14 4thArraOfDagon the Caller (level 2, 0/11 HPs)
             Began as a Felid Summoner on July 15, 2016.
             Slain by Robin
             ... wielding a +0 trident
              (7 damage)
             ... on level 2 of the Dungeon.
             The game lasted 00:02:19 (370 turns).

4thArraOfDagon the Caller (Felid Summoner)           Turns: 370, Time: 00:02:20

Health: 0/11       AC:  1    Str:  4    XL:     2   Next: 31%
Magic:  6/6        EV: 18    Int: 16    God:
Gold:   23         SH:  0    Dex: 16    Spells: 1 memorised, 4 levels left
                                        Lives:  0   Deaths: 0

rFire  . . .     SeeInvis +       - Unarmed
rCold  . . .     Gourm    .     (armour unavailable)
rNeg   . . .     Faith    .     (shield unavailable)
rPois  .         Spirit   .     (helmet unavailable)
rElec  .         Dismiss  .     (cloak unavailable)
rCorr  .         Reflect  .     (gloves unavailable)
SustAt .         Harm     .     (boots unavailable)
MR     .....                    (no amulet)
Stlth  +++.......               (no ring)
                                (no ring)

@: quick, not resistant to hostile enchantments, fairly stealthy
A: no armour, no weapons or thrown items, claws 1, fangs 3, see invisible,
carnivore 3, speed 1, shaggy fur 1, slow metabolism 1, sharp paws
a: no special abilities


You were on level 2 of the Dungeon.
You were full.

You visited 1 branch of the dungeon, and saw 2 of its levels.

You collected 23 gold pieces.

Inventory:

Scrolls
 c - a scroll of amnesia {unknown}
 e - 2 scrolls of enchant weapon {unknown}
Potions
 f - a potion of mutation {unknown}
Books
 a - a book of Callings

   Spells                             Type                      Level
   a - Summon Small Mammal            Summoning                    1
   b - Call Imp                       Summoning                    2
   c - Call Canine Familiar           Summoning                    3
   d - Summon Guardian Golem          Hexes/Summoning              3
   e - Summon Lightning Spire         Summoning/Air                4
   f - Summon Ice Beast               Ice/Summoning                4
Comestibles
 b - a meat ration


   Skills:
 + Level 2.9 Dodging
 + Level 3.4 Stealth
 * Level 1.2 Unarmed Combat
 - Level 2.0 Spellcasting
 - Level 4.0 Summonings


You had 4 spell levels left.
You knew the following spells:

 Your Spells              Type           Power        Failure   Level  Hunger
a - Summon Small Mammal   Summ           ##..         4%          1    #......


Dungeon Overview and Level Annotations

Branches:
Dungeon (2/15)

Altars:

Annotations:
D:2 Robin, Sigmund


Innate Abilities, Weirdness & Mutations

You cannot wear armour.
You are incapable of wielding weapons or throwing items.
You have sharp claws.
You have razor-sharp teeth.
You have supernaturally acute eyesight. (SInv)
You are carnivorous and can eat meat at any time.
You cover ground quickly.
You are covered in fur. (AC +1)
You have a slow metabolism.
Your sharp claws are effective at attacking unaware monsters.


Message History

Unknown command.
A hobgoblin comes into view. It is wielding a club.
The hobgoblin no longer looks unusually strong.
Robin throws the goblin at you! The goblin closely misses you.
Sigmund is suddenly surrounded by pale green light.
You see here a scroll labeled VEIREAKAU.
Unknown command.
The goblin completely misses you.
Unknown command.
Robin throws the goblin at you!
Unknown command.
Unknown command.
The hobgoblin no longer looks unusually strong. x2
The goblin no longer looks unusually strong.
Sigmund misses you. The hobgoblin misses you.
Robin roars a battlecry!
The goblins go into a battle-frenzy!
Robin hits you from afar with a trident!
Ouch! That really hurt!
You die...

#....#####
#?#######
#.####
#.@.....# #.#
###.####.#
##...##...####
#.†..........#
#.@..g.......#
#..g....g....+
#@g.g.g......#
#gg?....r....#
#.g.....#####..
#.......# (..
#.......# gg
#########


.gg You could see Sigmund, Robin, 5 hobgoblins, 3 goblins and a rat.

Vanquished Creatures
  An ooze (D:1)
  A dart slug (D:2)
  A giant gecko (D:1)
  A goblin (D:2)
  A hobgoblin (D:1)
  2 kobolds (D:1)
  A bat (D:1)
  A giant newt (D:1)
9 creatures vanquished.

Notes
Turn   | Place    | Note
-------+----------+-------------------------------------------
     0 | D:1      | 4thArraOfDagon the Felid Summoner began the quest for the Orb.
     0 | D:1      | Reached XP level 1. HP: 7/7 MP: 4/4
    47 | D:1      | Reached skill level 1 in Unarmed Combat
   143 | D:1      | Reached XP level 2. HP: 10/11 MP: 6/6
   347 | D:2      | Noticed Robin
   359 | D:2      | Noticed Sigmund
   370 | D:2      | Slain by Robin

Vault maps used:
D:1:      dpeg_arrival_lava_altar, st_stairs_13
D:2:      led_sif_pool, first_bread, uniq_sigmund, uniq_robin

Skill      XL: |  1  2 |
---------------+-------+-----
Unarmed Combat | 1 |  1.2
Stealth        | 3 |  3.4
Dodging        | |  2.9
Spellcasting   | |  2.0
Summonings     | |  4.0

Action                   || total
-------------------------++-------
Melee: Unarmed           ||    22
       Bite              ||     3
 Cast: Summon Small Mamm ||     6
  Use: Potion            ||     2
 Stab: Sleeping          ||     1
  Eat: Chunk             ||     2
Armor: Skin              ||     1
Dodge: Dodged            ||    20
